 Dungeon Crawl Stone Soup version 0.27-a0-633-gc6addc0a40 (webtiles) character file.

Game seed: 2218396205019729975

956 jasper the Covert (level 7, 0/32 HPs)
             Began as a Spriggan Enchanter on Mar 13, 2021.
             Was a Follower of Dithmenos.
             Killed from afar by an orc wizard (10 damage)
             ... with a magic dart
             ... on level 6 of the Dungeon.
             The game lasted 00:22:54 (10822 turns).

jasper the Covert (Spriggan Enchanter)             Turns: 10822, Time: 00:22:54

Health: 0/32       AC:  2    Str:  4    XL:     7   Next: 91%
Magic:  1/12       EV: 19    Int: 19    God:    Dithmenos [*.....]
Gold:   247        SH:  0    Dex: 15    Spells: 1/12 levels left

rFire    . . .     SeeInvis +   a - +1 dagger
rCold    . . .     Faith    .   (shield restricted)
rNeg     . . .     Spirit   .   b - +0 robe
rPois    .         Reflect  .   (helmet restricted)
rElec    .         Harm     .   (no cloak)
rCorr    .         Rampage  .   (gloves unavailable)
Will     +....                  (boots unavailable)
Stlth    +++++.....             (no amulet)
HPRegen  0.10/turn              (no ring)
MPRegen  0.13/turn              (no ring)

@: wreathed by umbra, very quick
A: very small, no large weapons, unfitting armour, see invisible, speed 3
a: Renounce Religion


You were on level 6 of the Dungeon.
You worshipped Dithmenos.
Dithmenos was aware of your devotion.
You visited 1 branch of the dungeon, and saw 7 of its levels.

You collected 247 gold pieces.

Inventory:

Hand Weapons
 a - a +1 dagger (weapon)
 c - a +0 short sword
Missiles
 f - 162 stones
 i - 3 datura-tipped darts
 l - 29 bolts
 n - 7 boomerangs
Armour
 b - a +0 robe (worn)
Jewellery
 j - an amulet of magic regeneration
 k - a ring of flight
 s - a ring of resist corrosion
Wands
 t - a wand of random effects (14)
Scrolls
 d - 4 scrolls of teleportation
 g - a scroll of noise
 m - 6 scrolls of identify
 o - a scroll of enchant weapon {unknown}
Potions
 e - 2 potions of attraction
 h - a potion of haste
 p - a potion of resistance {unknown}
 q - a potion of might {unknown}
 r - a potion of curing


   Skills:
 - Level 1.1 Short Blades
 + Level 5.9 Dodging
 * Level 9.9 Stealth
 - Level 3.0 Spellcasting
 * Level 6.0 Hexes
 - Level 3.0 Ice Magic


You had one spell level left.
You knew the following spells:

 Your Spells              Type           Power      Damage    Failure   Level
a - Corona                Hex            27%        N/A       1%          1
b - Ensorcelled Hibernat  Hex/Ice        40%        N/A       3%          2
c - Confusing Touch       Hex            25%        N/A       3%          3
d - Tukima's Dance        Hex            25%        N/A       3%          3
e - Blink                 Tloc           N/A        N/A       22%         2

Your spell library contained the following spells:

 Spells                   Type           Power      Damage    Failure   Level
 Magic Dart               Conj           8%         1d3       16%         1
 Summon Small Mammal      Summ           8%         N/A       16%         1
 Slow                     Hex            25%        N/A       1%          2
 Dazzling Flash           Conj/Hex       28%        N/A       13%         3
 Summon Guardian Golem    Hex/Summ       14%        N/A       13%         3
 Call Imp                 Summ           2%         N/A       22%         2
 Call Canine Familiar     Summ           2%         N/A       41%         3
 Conjure Flame            Conj/Fire      2%         6-21      41%         3
 Mephitic Cloud           Conj/Pois/Air  2%         N/A       41%         3
 Summon Ice Beast         Ice/Summ       8%         N/A       63%         4
 Summon Lightning Spire   Summ/Air       2%         N/A       83%         4


Dungeon Overview and Level Annotations

Branches:
Dungeon (7/15)
 Temple: D:4-7

Altars:
Dithmenos
Gozag
Nemelex Xobeh

Shops:
D:6 :

Annotations:
D:5 Ijyb
D:6 Eustachio


Innate Abilities, Weirdness & Mutations

You are very small and have problems with some larger weapons.
You are too small for most types of armour.
You have supernaturally acute eyesight. (SInv)
You cover ground extremely quickly. (Speed+++)


Message History

You now have 10/12 mp.
Aiming: Ensorcelled Hibernation (safe; 3% risk of failure)
Press: ? - help, Q - select action, (/) - cycle Shift-Dir - straight line, f/p - orc priest
Aim: an orc priest, wielding a +0 hand axe and wearing a +0 ring mail (umbra, chance to affect: 50%)
The orc priest resists with some effort.
The orc priest barely misses you.
The orc wizard hits you with a +0 dagger.
You take 3 damage, and have 17/32 hp.
You now have 8/12 mp.
The orc priest hits you with a +0 hand axe!
* * * LOW HITPOINT WARNING * * *
You take 8 damage, and have 9/32 hp.
MASSIVE DAMAGE!!
Aiming: Ensorcelled Hibernation (safe; 3% risk of failure)
Press: ? - help, Q - select action, (/) - cycle Shift-Dir - straight line, f/p - orc priest
Aim: an orc priest, wielding a +0 hand axe and wearing a +0 ring mail (chance to affect: 50%)
The orc priest looks drowsy...
You now have 6/12 mp.
The helpless orc priest fails to defend itself.
You impale the orc priest!!
You kill the orc priest!
Dithmenos accepts your kill.
The orc wizard points at you and mumbles some strange words.
You resist with almost no effort.
Aiming: Ensorcelled Hibernation (safe; 3% risk of failure)
Press: ? - help, Q - select action, (/) - cycle Shift-Dir - straight line, f - orc wizard
Aim: an orc wizard, wielding a +0 dagger and wearing a +0 robe (chance to affect: 50%)
The orc wizard resists with some effort.
You now have 4/12 mp.
Aiming: Ensorcelled Hibernation (safe; 3% risk of failure)
Press: ? - help, Q - select action, (/) - cycle Shift-Dir - straight line, f/p - orc wizard
Aim: an orc wizard, wielding a +0 dagger and wearing a +0 robe (umbra, chance to affect: 50%)
The orc wizard resists with some effort.
The orc wizard barely misses you.
You now have 3/12 mp.
Aiming: Ensorcelled Hibernation (safe; 3% risk of failure)
Press: ? - help, Q - select action, (/) - cycle Shift-Dir - straight line, f/p - orc wizard
Aim: an orc wizard, wielding a +0 dagger and wearing a +0 robe (umbra, chance to affect: 50%)
The orc wizard resists with some effort.
The orc wizard points at you and mumbles some strange words.
The magic dart hits you!
You die...

#......... #.######## #.# #.# #.#
#########.########
#.......#.........
############.#####.##########
#.........##@#####...........
#.#######.>o........>........
#####.#######..#.......#...<.....
............#..#######[#..#[.....
#.###.#####.#..# #)...#...#.. #.#
#.# #.#..# #.....<..... #.# #.#
#.#..# #...)..#.##. #.###.#
#.#..# #........... #.....#
#.#..#### #........##.


You could see an orc wizard.

Vanquished Creatures
  An orc warrior (D:6)
  An ogre (D:4)
  A centaur (D:6)
  2 bullfrogs (D:6)
  A howler monkey (D:5)
  5 orc priests
  A hound (D:4)
  An iguana (D:6)
  5 orc wizards
  A hound zombie (D:7)
  2 gnolls
  7 adders
  A river rat (D:6)
  A shadow imp (D:7)
  An ooze (D:3)
  An adder skeleton (D:4)
  2 worms
  5 dart slugs
  A leopard gecko (D:4)
  16 orcs
  5 bats
  6 giant cockroaches
  7 goblins
  9 hobgoblins
  12 jackals
  7 kobolds
  2 quokkas
  6 frilled lizards
  A leopard gecko skeleton (D:3)
  A quokka skeleton (D:4)
  6 rats
118 creatures vanquished.

Notes
Turn   | Place    | Note
-------+----------+-------------------------------------------
     0 | D:1      | jasper the Spriggan Enchanter began the quest for the Orb.
     0 | D:1      | Reached XP level 1. HP: 9/9 MP: 5/5
  1393 | D:2      | Reached XP level 2. HP: 12/13 MP: 3/6
  1396 | D:2      | Learned a level 2 spell: Ensorcelled Hibernation
  2243 | D:2      | Reached skill level 5 in Stealth
  2537 | D:1      | Reached XP level 3. HP: 16/16 MP: 5/8
  4165 | D:3      | Reached XP level 4. HP: 21/21 MP: 9/9
  4169 | D:3      | Learned a level 3 spell: Confusing Touch
  4173 | D:3      | Learned a level 3 spell: Tukima's Dance
  4459 | D:3      | Reached skill level 6 in Stealth
  5075 | D:3      | Reached skill level 5 in Hexes
  5198 | D:3      | Reached XP level 5. HP: 24/24 MP: 7/10
  5739 | D:4      | Reached skill level 7 in Stealth
  5950 | D:3      | Noticed a moth of wrath
  6913 | D:4      | Reached XP level 6. HP: 28/28 MP: 4/11
  7518 | D:4      | Found a shadowy altar of Dithmenos.
  7525 | D:4      | Became a worshipper of Dithmenos the Shadowed
  7677 | D:4      | Reached skill level 8 in Stealth
  8375 | D:4      | Reached skill level 1 in Ice Magic
  8639 | D:5      | Entered Level 5 of the Dungeon
  8653 | D:5      | Noticed Ijyb
  8657 | D:6      | Noticed an orc warrior
  8712 | D:5      | Reached skill level 5 in Dodging
  8857 | D:5      | Learned a level 2 spell: Blink
  9056 | D:6      | Killed an orc warrior
  9057 | D:6      | Reached XP level 7. HP: 24/32 MP: 1/12
  9237 | D:6      | Found a sparkling altar of Nemelex Xobeh.
  9237 | D:6      | Found an opulent altar of Gozag.
  9347 | D:6      | Reached skill level 9 in Stealth
  9404 | D:6      | Reached * piety under Dithmenos
  9621 | D:6      | Found Hossuff's Book Boutique.
 10002 | D:6      | Noticed Eustachio
 10822 | D:6      | Killed from afar by an orc wizard

Illustrated notes

Levels and vault maps discovered:
D:1:      nicolae_arrival_memento_mori, layout_rooms
D:2:      layout_basic
D:3:      layout_loops_ring, lemuel_coloured_pillars_altar, tgw_trog
D:4:      layout_loops_corners, nicolae_dithmenos_through_a_glass_darkly
D:5:      layout_rooms, serial_shops, kennysheep_little_box, uniq_ijyb
D:6:      layout_basic, grunt_temple_overflow_opulence,
          minmay_temple_entry_grid, gup_sewer_entry_bowl, serial_shops, shop,
          uniq_eustachio
D:7:      minmay_the_grid_triangle_9x9_rhombus_full
          [minmay_the_grid_triangle_9x9_alien,
          minmay_the_grid_triangle_9x9_corrupted_corridor,
          minmay_the_grid_triangle_9x9_corruption,
          minmay_the_grid_triangle_9x9_sparse_checkered,
          minmay_the_grid_triangle_9x9_warning,
          minmay_the_grid_triangle_9x9_pentomino_pain,
          minmay_the_grid_triangle_9x9_impossible_snake,
          minmay_the_grid_triangle_9x9_prize_top_heavy], layout_basic,
          kennysheep_mini_moat, nicolae_gozag_zags_fifth_avenue, uniq_harold

Skill      XL: |  1  2  3  4  5  6  7 |
---------------+----------------------+-----
Dodging        | 3 4 5 |  5.9
Hexes          | 4 5 6 |  6.0
Stealth        | 5 6 7 8 9 |  9.9
Spellcasting   | 3 |  3.0
Ice Magic      | 1 3 |  3.0
Short Blades   | |  1.1

Action                   |  1- 3 |  4- 6 |  7- 9 || total
-------------------------+-------+-------+-------++-------
Melee: Dagger            |   100 |   139 |    32 ||   271
 Cast: Corona            |    16 |       |       ||    16
       Ensorcelled Hiber |    54 |    96 |    30 ||   180
       Confusing Touch   |       |     6 |     1 ||     7
       Tukima's Dance    |       |     3 |       ||     3
Evoke: Wand              |       |       |     1 ||     1
  Use: Potion            |     1 |     2 |       ||     3
       Scroll            |     5 |       |       ||     5
 Stab: Sleeping          |    25 |    49 |    20 ||    94
       Confused          |       |     4 |     1 ||     5
       Distracted        |       |     1 |       ||     1
Armor: Skin              |    17 |       |       ||    17
       Robe              |     9 |    14 |       ||    23
Dodge: Dodged            |    83 |    99 |    15 ||   197

Table legend: (Time is in decaauts)
 A = Elapsed time spent in this place.
 B = Non-inter-level travel time spent in this place.
 C = Inter-level travel time spent in this place.
 D = Time resting spent in this place.
 E = Time spent auto-exploring this place.
 F = Levels seen in this place.
 G = Mean time per level.
                   A        B        C        D        E       F      G
               +--------+--------+--------+--------+--------+-----+--------+
         Total |   9114 |   9005 |    109 |   4240 |   3041 |   7 | 1302.0 |
       Dungeon |   9114 |   9005 |    109 |   4240 |   3041 |   7 | 1302.0 |
               +--------+--------+--------+--------+--------+-----+--------+

Top non-repeatable levels by time:
     D:2: 2463 daAuts
     D:3: 1968 daAuts
     D:4: 1712 daAuts
     D:1: 1264 daAuts
     D:6: 858 daAuts
     D:7: 637 daAuts
     D:5: 209 daAuts
